 Dungeon Crawl Stone Soup version 0.29-a0-451-gfbfa42419e (webtiles) character file.

Game seed: 15793045704980339272

592 Bruhh the Carver (level 7, 0/56 HPs)
             Began as a Minotaur Gladiator on May 19, 2022.
             Was a Priest of Dithmenos.
             Slain by a lemure (3 damage)
             ... led by Pikel
             ... on level 5 of the Dungeon.
             The game lasted 00:09:32 (5822 turns).

Bruhh the Carver (Minotaur Gladiator)               Turns: 5822, Time: 00:09:34

Health: 0/56       AC:  4    Str: 24    XL:     7   Next: 16%
Magic:  6/6        EV:  9    Int:  5    God:    Dithmenos [***...]
Gold:   245        SH:  0    Dex: 13    Spells: 6/6 levels left

rFire   . . .      SeeInvis .   z - +4 dagger "Duzxu" {drain, Will+ Str+5}
rCold   . . .      Faith    .   (no shield)
rNeg    . . .      Spirit   .   n - +0 chain mail
rPois   .          Reflect  .   c - +0 hat
rElec   .          Harm     .   f - scarf {repulsion}
rCorr   .          Rampage  .   (no gloves)
Will    +....                   (no boots)
Stlth   ..........              (no amulet)
HPRegen 0.18/turn               (no ring)
MPRegen 0.10/turn               (no ring)

@: corroded, wreathed by umbra, repel missiles
A: horns 2, retaliatory headbutt
a: Renounce Religion, Shadow Step


You were on level 5 of the Dungeon.
You worshipped Dithmenos.
Dithmenos was most pleased with you.
You visited 1 branch of the dungeon, and saw 5 of its levels.

You collected 245 gold pieces.

Inventory:

Hand Weapons
 a - a +0 long sword
 z - the +4 dagger "Duzxu" (weapon) {drain, Will+ Str+5}
   (You found it on level 5 of the Dungeon)

   A truly terrible weapon, it drains the life of any living foe it strikes.
   Str:       It affects your strength (+5).
   Will:      It increases your willpower.
Missiles
 d - 3 throwing nets (quivered)
 e - a javelin
 i - 6 silver javelins
Armour
 b - a +0 leather armour
 c - a +0 hat (worn)
 f - a scarf of repulsion (worn)
 n - a +0 chain mail (worn)
Jewellery
 o - an amulet of magic regeneration
 p - a +6 ring of dexterity
 t - a ring of willpower
Wands
 w - a wand of iceblast (3)
Scrolls
 g - 3 scrolls of identify
 h - a scroll of fear
 j - a scroll of summoning {unknown}
 k - a scroll of amnesia {unknown}
 q - a scroll of silence {unknown}
 r - a scroll of poison {unknown}
 s - a scroll of enchant armour {unknown}
 u - a scroll of noise {unknown}
 x - a scroll of teleportation {unknown}
 y - a scroll of enchant weapon {unknown}
 A - a scroll of magic mapping {unknown}
Potions
 l - a potion of haste {unknown}
 m - 2 potions of curing
 v - 2 potions of lignification {unknown}


   Skills:
 + Level 2.4 Fighting
 - Level 10.0 Long Blades
 - Level 2.0 Throwing
 - Level 3.2 Dodging


You had 6 spell levels left.
You didn't know any spells.
Your spell library contained the following spells:

 Spells                   Type           Power      Damage    Failure   Level
 Apportation              Tloc           0%         N/A       99%         1
 Blink                    Tloc           0%         N/A       100%        2
 Alistair's Intoxication  Tmut/Pois      0%         N/A       100%        5
 Iskenderun's Battlesphe  Conj           0%         2d6       100%        5
 Manifold Assault         Tloc           0%         N/A       100%        5
 Iron Shot                Conj/Erth      0%         9d1       100%        6
 Spellforged Servitor     Conj/Summ      0%         N/A       100%        7
 Storm Form               Tmut/Air       0%         N/A       100%        7


Dungeon Overview and Level Annotations

Branches:
Dungeon (5/15)
 Temple: D:4-7

Altars:
Dithmenos
Elyvilon

Annotations:
D:5 Pikel


Innate Abilities, Weirdness & Mutations

You have a pair of horns on your head.
You reflexively headbutt those who attack you in melee.


Message History

The lemure barely misses you.
You hit Pikel. You drain Pikel.
Pikel is lightly wounded.
Pikel hits you but does no damage. The jelly completely misses you.
The lemure barely misses you.
You hit Pikel. You drain Pikel.
Pikel is moderately wounded.
You hit Pikel but do no damage. Your headbutt misses Pikel.
Pikel is moderately wounded.
Pikel hits you with a +2 whip of flaming!
Pikel burns you.
* * * LOW HITPOINT WARNING * * *
The lemure hits you.
* * * LOW HITPOINT WARNING * * *
The jelly hits you but does no damage. The lemure hits you!
* * * LOW HITPOINT WARNING * * *
You hit the jelly. You drain the jelly. The acid corrodes you!
Your hands burn!
* * * LOW HITPOINT WARNING * * *
You headbutt the jelly.
You kill the jelly!
Dithmenos accepts your kill.
Pikel hits you with a +2 whip of flaming.
* * * LOW HITPOINT WARNING * * *
Pikel burns you.
* * * LOW HITPOINT WARNING * * *
The lemure barely misses you. You furiously retaliate!
You headbutt the lemure! The lemure hits you.
* * * LOW HITPOINT WARNING * * *
The lemure hits you but does no damage.
Training target 10.0 for Long Blades reached!
Your Long Blades skill increases to level 10!
You need to enable at least one skill for training.
You feel better. The lemure hits you.
* * * LOW HITPOINT WARNING * * *
Pikel hits you with a +2 whip of flaming.
* * * LOW HITPOINT WARNING * * *
Pikel burns you.
* * * LOW HITPOINT WARNING * * *
The lemure hits you.
You die...

#..............#...........###
##.............#.......#..##
###..#...........##...##..#
##..#......##.#............
#............##....##.......
#........>.........# ....... .
######........#.....###...#.#.#
...###.÷......##K5........###.###
...#...÷......##@...............#
#..##.........##55..........#....
..............##.......... #....
..........#...........##.# ##[...
............##.......#######.....
...........###.........#.##.5).5.
..###.^............##...........#
....................#.....#..##..
..........................#...#..


You could see Pikel (drained) and 3 lemures.

Vanquished Creatures
  2 phantoms (D:4)
  A lemure (D:4)
  2 scorpions (D:5)
  An orc priest (D:3)
  2 jellies
  An iguana (D:4)
  Robin (D:2)
  8 adders
  An ufetubus (D:5)
  5 dart slugs
  10 orcs
  3 bats
  5 endoplasms
  3 giant cockroaches
  14 goblins
  7 hobgoblins
  12 jackals
  4 quokkas
  4 ball pythons
  3 frilled lizards
  10 kobolds
  5 rats
104 creatures vanquished.

Notes
Turn   | Place    | Note
-------+----------+-------------------------------------------
     0 | D:1      | Bruhh the Minotaur Gladiator began the quest for the Orb.
     0 | D:1      | Reached XP level 1. HP: 18/18 MP: 0/0
    55 | D:1      | Reached skill level 4 in Long Blades
   238 | D:1      | Reached XP level 2. HP: 25/25 MP: 1/1
   310 | D:1      | Found a faded altar of an unknown god.
   357 | D:1      | Prayed at the altar of an unknown god.
   357 | D:1      | Became a worshipper of Dithmenos the Shadowed
   357 | D:1      | Reached * piety under Dithmenos
   900 | D:1      | Reached skill level 5 in Long Blades
  1204 | D:1      | Reached XP level 3. HP: 30/30 MP: 2/2
  1371 | D:2      | Noticed Robin
  1388 | D:2      | Killed Robin
  1392 | D:2      | Reached ** piety under Dithmenos
  1748 | D:2      | Reached skill level 6 in Long Blades
  1748 | D:2      | Reached XP level 4. HP: 37/37 MP: 3/3
  2803 | D:3      | Reached skill level 7 in Long Blades
  2803 | D:3      | Reached XP level 5. HP: 9/42 MP: 4/4
  3807 | D:4      | Noticed a phantom
  3823 | D:4      | Killed a phantom
  3824 | D:4      | Reached skill level 8 in Long Blades
  4030 | D:4      | Reached XP level 6. HP: 50/50 MP: 5/5
  4231 | D:4      | Found a white marble altar of Elyvilon.
  4582 | D:4      | Reached *** piety under Dithmenos
  4688 | D:4      | Found a shadowy altar of Dithmenos.
  4867 | D:4      | Reached skill level 9 in Long Blades
  5256 | D:5      | Entered Level 5 of the Dungeon
  5306 | D:5      | Identified the +4 dagger "Duzxu" {drain, Will+ Str+5}
  5337 | D:5      | Reached XP level 7. HP: 15/56 MP: 6/6
  5638 | D:5      | Noticed Pikel
  5821 | D:5      | HP: 2/56 [lemure[Pikel] (1)]
  5822 | D:5      | Reached skill level 10 in Long Blades
  5822 | D:5      | Slain by a lemure

Illustrated notes

Levels and vault maps discovered:
D:1:      eino_arrival_water_star, layout_loops_cross,
          chequers_ecumenical_altar_grove, minmay_pentomino_o4
D:2:      layout_loops_cross, uniq_robin
D:3:      layout_rooms, hangedman_decor_peaks_small
D:4:      layout_layer_cave, mainiacjoe_overflow_paths, grunt_dithmenos_smoke,
          nicolae_elevator_lobby_asterisk
D:5:      layout_cave_pools, uniq_pikel

Skill      XL: |  1  2  3  4  5  6  7 |
---------------+----------------------+-----
Long Blades    | 4 5 6 7 8 9 10 | 10.0
Fighting       | |  2.4
Throwing       | |  2.0
Dodging        | |  3.2

Action                   |  1- 3 |  4- 6 |  7- 9 || total
-------------------------+-------+-------+-------++-------
Melee: Long sword        |    87 |   167 |     2 ||   256
       Headbutt          |    10 |    26 |     3 ||    39
       Punch             |     1 |     1 |       ||     2
       Dagger            |       |       |     9 ||     9
  Use: Potion            |     1 |     2 |     3 ||     6
       Scroll            |       |     1 |       ||     1
Armor: Leather armour    |     8 |       |       ||     8
       Chain mail        |    35 |   115 |    18 ||   168
Dodge: Dodged            |    60 |   133 |    17 ||   210
       Repelled          |       |     1 |       ||     1

Table legend: (Time is in decaauts)
 A = Elapsed time spent in this place.
 B = Non-inter-level travel time spent in this place.
 C = Inter-level travel time spent in this place.
 D = Time resting spent in this place.
 E = Time spent auto-exploring this place.
 F = Levels seen in this place.
 G = Mean time per level.
                   A        B        C        D        E       F      G
               +--------+--------+--------+--------+--------+-----+--------+
         Total |   5838 |   5710 |    128 |    590 |   4441 |   5 | 1167.6 |
       Dungeon |   5838 |   5710 |    128 |    590 |   4441 |   5 | 1167.6 |
               +--------+--------+--------+--------+--------+-----+--------+

Top non-repeatable levels by time:
     D:4: 1600 daAuts
     D:2: 1511 daAuts
     D:1: 1289 daAuts
     D:3: 1026 daAuts
     D:5: 410 daAuts
